IL
RENO ACES @ LOUISVILLE BATS
08/20/2048
 
TOP OF THE 1ST
Reno Aces batting - Pitching for Louisville Bats : RHP Matt Moffat
Pitching: RHP Matt Moffat
Batting: SHB Carlos Rodriguez 0-0: Called Strike
0-1: Ball
1-1: Ball
2-1: Foul Ball, location: 2F
2-2: Ground out 6-3 (Groundball, 6, EV 77.5 MPH)
Batting: LHB Ian Jarvis 0-0: Foul Ball, location: 2F
0-1: Foul Ball, location: 2F
0-2: Ground out U3 (Groundball, 3L, EV 76.2 MPH)
Batting: LHB Jeff Densmore 0-0: Ball
1-0: Called Strike
1-1: Ball
2-1: Ball
3-1: Foul Ball, location: 2F
3-2: Fly out, F8 (Flyball, 8LD, EV 100.0 MPH)
Top of the 1st over - 0 runs, 0 hits, 0 errors, 0 left on base; Reno 0 - Louisville 0
BOTTOM OF THE 1ST
Louisville Bats batting - Pitching for Reno Aces : RHP Yeong-kil Suck
Pitching: RHP Yeong-kil Suck
Batting: SHB Paul Sandoval 0-0: Fly out, F9 (Flyball, 89S, EV 86.2 MPH)
Batting: SHB Freddie Farrar 0-0: Ball
1-0: Called Strike
1-1: Foul Ball, location: 2F
1-2: Ball
2-2: Ground out U3 (Groundball, 3, EV 81.9 MPH)
Batting: RHB Juan Reyes 0-0: Called Strike
0-1: Ball
1-1: Foul Ball, location: 2F
1-2: Foul Ball, location: 2F
1-2: Strikes out looking
Bottom of the 1st over - 0 runs, 0 hits, 0 errors, 0 left on base; Reno 0 - Louisville 0
TOP OF THE 2ND
Reno Aces batting - Pitching for Louisville Bats : RHP Matt Moffat
Batting: SHB Gerardo Flores 0-0: Called Strike
0-1: Ball
1-1: Ground out 3-1 (Groundball, 34, EV 88.8 MPH)
Batting: RHB Cesar Chavez 0-0: Ball
1-0: Foul Ball, location: 2F
1-1: Called Strike
1-2: Fly out, F8 (Flyball, 78D, EV 103.1 MPH)
Batting: LHB Steve Reinhart 0-0: Ball
1-0: Ball
2-0: Called Strike
2-1: Swinging Strike
2-2: Foul Ball, location: 2F
2-2: Fly out, F2 (Popup, 13S, EV 88.1 MPH)
Top of the 2nd over - 0 runs, 0 hits, 0 errors, 0 left on base; Reno 0 - Louisville 0
BOTTOM OF THE 2ND
Louisville Bats batting - Pitching for Reno Aces : RHP Yeong-kil Suck
Batting: RHB Won-jun Park 0-0: Called Strike
0-1: Ground out 4-3 (Groundball, 4, EV 77.5 MPH)
Batting: RHB Jonathan Robies 0-0: Ball
1-0: Ball
2-0: Swinging Strike
2-1: Ball
3-1: Base on Balls
Batting: RHB Danny Real 0-0: Ball
1-0: Called Strike
1-1: Ball
2-1: Fielders Choice at 2nd, 5-4 (Groundball, 56, EV 108.8 MPH)
Batting: RHB Colin Lord 0-0: Swinging Strike
0-1: Ground out 6-3 (Groundball, 4MD, EV 105.0 MPH)
Bottom of the 2nd over - 0 runs, 0 hits, 0 errors, 1 left on base; Reno 0 - Louisville 0
TOP OF THE 3RD
Reno Aces batting - Pitching for Louisville Bats : RHP Matt Moffat
Batting: RHB Roberto Rodriguez 0-0: Ball
1-0: Called Strike
1-1: Foul Ball, location: 2F
1-2: Fly out, F7 (Flyball, 7, EV 76.9 MPH)
Batting: RHB Danny Gerardo 0-0: Ball
1-0: Ball
2-0: Ground out 3-1 (Groundball, 34, EV 96.2 MPH)
Batting: RHB Dustin Clark 0-0: Foul Ball, location: 2F
0-1: Swinging Strike
0-2: Foul Ball, location: 2F
0-2: Foul Ball, location: 2F
0-2: Ball
1-2: Foul Ball, location: 2F
1-2: Ball
2-2: SOLO HOME RUN (Flyball, 7D, EV 92.5 MPH), Distance : 356 ft
Batting: SHB Carlos Rodriguez 0-0: Ball
1-0: Called Strike
1-1: Foul Ball, location: 2F
1-2: Ball
2-2: Ball
3-2: Foul Ball, location: 2F
3-2: Strikes out swinging
Top of the 3rd over - 1 run, 1 hit, 0 errors, 0 left on base; Reno 1 - Louisville 0
BOTTOM OF THE 3RD
Louisville Bats batting - Pitching for Reno Aces : RHP Yeong-kil Suck
Batting: RHB Jay Jacobson 0-0: Ball
1-0: Ball
2-0: Ball
3-0: Base on Balls
Batting: RHB Ryan Short 0-0: Called Strike
0-1: Ball
1-1: Grounds into double play, 6-4-3 (Groundball, 6, EV 90.6 MPH)
Batting: SHB Paul Sandoval 0-0: Foul Ball, location: 2F
0-1: Foul Ball, location: 2F
0-2: Foul Ball, location: 2F
0-2: Foul Ball, location: 2F
0-2: Ball
1-2: Ball
2-2: Foul Ball, location: 2F
2-2: Ground out 5-3 (Groundball, 5, EV 88.8 MPH)
Bottom of the 3rd over - 0 runs, 0 hits, 0 errors, 0 left on base; Reno 1 - Louisville 0
TOP OF THE 4TH
Reno Aces batting - Pitching for Louisville Bats : RHP Matt Moffat
Batting: LHB Ian Jarvis 0-0: Foul Ball, location: 2F
0-1: Ball
1-1: Foul Ball, location: 2F
1-2: Ball
2-2: Ball
3-2: Foul Ball, location: 2F
3-2: DOUBLE (Line Drive, 89D, EV 106.2 MPH)
Batting: LHB Jeff Densmore 0-0: Called Strike
0-1: Called Strike
0-2: Fly out, F4 (Popup, 3D, EV 60.6 MPH)
Batting: SHB Gerardo Flores 0-0: Foul Ball, location: 2F
0-1: Ball
1-1: Ground out 6-3 (Groundball, 6, EV 103.8 MPH)
Batting: RHB Cesar Chavez 0-0: SINGLE (Line Drive, 6MD, EV 100.6 MPH)
Ian Jarvis to third
Runner from 3rd tries for Home, SAFE, throw by CF to home
Cesar Chavez to second
Batting: LHB Steve Reinhart 0-0: Called Strike
0-1: Ball
1-1: Called Strike
1-2: Ground out 5-3 (Groundball, 5, EV 85.0 MPH)
Top of the 4th over - 1 run, 2 hits, 0 errors, 1 left on base; Reno 2 - Louisville 0
BOTTOM OF THE 4TH
Louisville Bats batting - Pitching for Reno Aces : RHP Yeong-kil Suck
Batting: SHB Freddie Farrar 0-0: Swinging Strike
0-1: Ground out 3-1 (Groundball, 34, EV 103.1 MPH)
Batting: RHB Juan Reyes 0-0: Swinging Strike
0-1: Ball
1-1: SINGLE (Flyball, 56D, EV 86.2 MPH)
Batting: RHB Won-jun Park 0-0: Foul Ball, location: 2F
0-1: Ball
Wild Pitch!
Juan Reyes to second
1-1: Ground out 4-3 (Groundball, 34, EV 83.8 MPH)
Juan Reyes to third
Batting: RHB Jonathan Robies 0-0: Ball
1-0: Called Strike
1-1: Swinging Strike
1-2: Strikes out looking
Bottom of the 4th over - 0 runs, 1 hit, 0 errors, 1 left on base; Reno 2 - Louisville 0
TOP OF THE 5TH
Reno Aces batting - Pitching for Louisville Bats : RHP Matt Moffat
Batting: RHB Roberto Rodriguez 0-0: Called Strike
0-1: Called Strike
0-2: Ball
1-2: Strikes out swinging
Batting: RHB Danny Gerardo 0-0: Ball
1-0: Called Strike
1-1: Ground out 4-3 (Groundball, 4M, EV 99.4 MPH)
Batting: RHB Dustin Clark 0-0: Called Strike
0-1: Ball
1-1: Called Strike
1-2: Strikes out swinging
Top of the 5th over - 0 runs, 0 hits, 0 errors, 0 left on base; Reno 2 - Louisville 0
BOTTOM OF THE 5TH
Louisville Bats batting - Pitching for Reno Aces : RHP Yeong-kil Suck
Batting: RHB Danny Real 0-0: Ground out 5-3 (Groundball, 56, EV 105.6 MPH)
Batting: RHB Colin Lord 0-0: Ball
1-0: Called Strike
1-1: Foul Ball, location: 2F
1-2: Fly out, F7 (Flyball, 78D, EV 90.6 MPH)
Batting: RHB Jay Jacobson 0-0: SINGLE (Groundball, 56S, EV 64.4 MPH) (infield hit)
Batting: RHB Ryan Short 0-0: Foul Ball, location: 2F
0-1: Ground out 1-3 (Groundball, 34S, EV 71.9 MPH)
Bottom of the 5th over - 0 runs, 1 hit, 0 errors, 1 left on base; Reno 2 - Louisville 0
TOP OF THE 6TH
Reno Aces batting - Pitching for Louisville Bats : RHP Matt Moffat
Batting: SHB Carlos Rodriguez 0-0: Swinging Strike
0-1: Swinging Strike
0-2: Foul Ball, location: 2F
0-2: Ball
1-2: Strikes out swinging
Batting: LHB Ian Jarvis 0-0: Ball
1-0: Foul Ball, location: 2F
1-1: Ball
2-1: Foul Ball, location: 2F
2-2: Foul Ball, location: 2F
2-2: Strikes out looking
Batting: LHB Jeff Densmore 0-0: Ground out U3 (Groundball, 34, EV 89.4 MPH)
Top of the 6th over - 0 runs, 0 hits, 0 errors, 0 left on base; Reno 2 - Louisville 0
BOTTOM OF THE 6TH
Louisville Bats batting - Pitching for Reno Aces : RHP Yeong-kil Suck
Batting: SHB Paul Sandoval 0-0: Called Strike
0-1: SINGLE (Line Drive, 6D, EV 95.0 MPH)
Batting: SHB Freddie Farrar 0-0: Fly out, F7 (Flyball, 78S, EV 86.9 MPH)
Batting: RHB Juan Reyes 0-0: Called Strike
0-1: Foul Ball, location: 2F
0-2: Strikes out swinging
Batting: RHB Won-jun Park 0-0: Ball
1-0: Swinging Strike
1-1: Ball
2-1: Foul Ball, location: 2F
2-2: Fly out, F8 (Flyball, 8LD, EV 81.9 MPH)
Bottom of the 6th over - 0 runs, 1 hit, 0 errors, 1 left on base; Reno 2 - Louisville 0
TOP OF THE 7TH
Reno Aces batting - Pitching for Louisville Bats : RHP Matt Moffat
Batting: SHB Gerardo Flores 0-0: Hit by Pitch
Batting: RHB Cesar Chavez 0-0: SINGLE (Groundball, 23, EV 66.2 MPH) (infield hit)
Gerardo Flores to second
Batting: LHB Steve Reinhart 0-0: Bunted foul
0-1: Ball
1-1: Sac Bunt to 5S - play at first, batter OUT! 5-4
Gerardo Flores to third
Cesar Chavez to second
Batting: RHB Roberto Rodriguez 0-0: Ball
1-0: Called Strike
1-1: Ground out 5-3 (Groundball, 56S, EV 70.0 MPH)
Pitching: LHP Jin Zhui
Batting: RHB Danny Gerardo 0-0: Ball
1-0: Ground out 6-3 (Groundball, 6S, EV 90.0 MPH)
Top of the 7th over - 0 runs, 1 hit, 0 errors, 2 left on base; Reno 2 - Louisville 0
BOTTOM OF THE 7TH
Louisville Bats batting - Pitching for Reno Aces : RHP Yeong-kil Suck
Batting: RHB Jonathan Robies 0-0: Ball
1-0: Fly out, F7 (Flyball, 7LS, EV 87.5 MPH)
Batting: RHB Danny Real 0-0: Called Strike
0-1: Ball
1-1: Foul Ball, location: 2F
1-2: Strikes out looking
Batting: RHB Colin Lord 0-0: Called Strike
0-1: Called Strike
0-2: Foul Ball, location: 2F
0-2: Foul Ball, location: 2F
0-2: Fly out, F9 (Flyball, 89D, EV 85.6 MPH)
Bottom of the 7th over - 0 runs, 0 hits, 0 errors, 0 left on base; Reno 2 - Louisville 0
TOP OF THE 8TH
Reno Aces batting - Pitching for Louisville Bats : LHP Jin Zhui
Batting: RHB Dustin Clark 0-0: Foul Ball, location: 2F
0-1: Ball
1-1: Called Strike
1-2: Ball
2-2: Foul Ball, location: 2F
2-2: Ball
3-2: Foul Ball, location: 2F
3-2: Base on Balls
Batting: SHB Carlos Rodriguez 0-0: Bunt - Flyout to 15S! F1
Batting: LHB Ian Jarvis 0-0: Ball
1-0: Foul Ball, location: 2F
1-1: Swinging Strike
1-2: Strikes out looking
Batting: LHB Jeff Densmore 0-0: Ball
1-0: Ball
2-0: Called Strike
2-1: Ball
3-1: Called Strike
3-2: Foul Ball, location: 2F
3-2: Strikes out swinging
Top of the 8th over - 0 runs, 0 hits, 0 errors, 1 left on base; Reno 2 - Louisville 0
BOTTOM OF THE 8TH
Louisville Bats batting - Pitching for Reno Aces : RHP Yeong-kil Suck
Batting: RHB Jay Jacobson 0-0: SINGLE (Groundball, 25, EV 66.2 MPH) (infield hit)
Batting: RHB Ryan Short 0-0: Ball
1-0: Swinging Strike
1-1: Ball
2-1: SINGLE (Groundball, 4M, EV 97.5 MPH) (infield hit)
Jay Jacobson to second
Batting: SHB Paul Sandoval 0-0: Sac Bunt to 13 - play at first, batter OUT! 1-3
Jay Jacobson to third
Ryan Short to second
Batting: SHB Freddie Farrar 0-0: Ball
1-0: Ball
2-0: Ball
3-0: Called Strike
3-1: Foul Ball, location: 2F
3-2: Foul Ball, location: 2F
3-2: SINGLE (Groundball, 34D, EV 96.9 MPH)
Jay Jacobson scores
Ryan Short to third
Pitching: LHP Afanasy Apatenko
Batting: RHB Juan Reyes 0-0: Foul Ball, location: 2F
0-1: Foul Ball, location: 2F
0-2: Ball
1-2: DOUBLE (Line Drive, 9LD, EV 105.0 MPH)
Ryan Short scores
Freddie Farrar to third
Runner from 3rd tries for Home, SAFE, throw by RF to trailing runner, SAFE at third!
Batting: RHB Won-jun Park 0-0: Ball
1-0: Ball
2-0: Foul Ball, location: 2F
2-1: Foul Ball, location: 2F
2-2: Foul Ball, location: 2F
2-2: Ball
3-2: Ground out 6-3 (Groundball, 6S, EV 67.5 MPH)
Batting: RHB Jonathan Robies 0-0: Swinging Strike
0-1: Ball
1-1: Foul Ball, location: 2F
1-2: Strikes out swinging
Bottom of the 8th over - 3 runs, 4 hits, 0 errors, 1 left on base; Reno 2 - Louisville 3
TOP OF THE 9TH
Reno Aces batting - Pitching for Louisville Bats : LHP Jin Zhui
Batting: SHB Gerardo Flores 0-0: Ball
1-0: Ball
2-0: Fly out, F8 (Line Drive, 8LM, EV 99.4 MPH)
Batting: RHB Cesar Chavez 0-0: Ball
1-0: Foul Ball, location: 2F
1-1: Ball
2-1: Ball
3-1: Foul Ball, location: 2F
3-2: Base on Balls
Pinch Hitting: RHB Edgar Garcia 0-0: Called Strike
0-1: Swinging Strike
0-2: Ball
1-2: Strikes out swinging
Batting: RHB Roberto Rodriguez 0-0: Foul Ball, location: 2F
0-1: SINGLE (Groundball, 56S, EV 68.8 MPH) (infield hit)
Cesar Chavez to second
Batting: RHB Danny Gerardo 0-0: Called Strike
0-1: Ball
1-1: Swinging Strike
1-2: Foul Ball, location: 2F
1-2: SINGLE (Line Drive, 3D, EV 98.8 MPH)
Cesar Chavez to third
Roberto Rodriguez to second
Pitching: RHP Dave Kurtz
Batting: RHB Dustin Clark 0-0: Ball
1-0: Ball
2-0: Called Strike
2-1: Ball
3-1: Called Strike
3-2: Strikes out swinging
Top of the 9th over - 0 runs, 2 hits, 0 errors, 3 left on base; Reno 2 - Louisville 3
Tuesday, March 28th , 2023 - OOTP Baseball 23.10 Build 110